 Dungeon Crawl Stone Soup version 0.21-a0-578-gc6e9d75 (webtiles) character file.

245 slep the Chopper (level 5, -11/39 HPs)
             Began as a Demonspawn Gladiator on Dec 19, 2017.
             Mangled by an ogre
             ... wielding a +0 giant spiked club
              (24 damage)
             ... on level 4 of the Dungeon.
             The game lasted 00:09:46 (2335 turns).

slep the Chopper (Demonspawn Gladiator)             Turns: 2335, Time: 00:09:47

Health: -11/39     AC:  8    Str: 15    XL:     5   Next: 83%
Magic:  0/5        EV: 12    Int:  9    God:
Gold:   113        SH:  0    Dex: 15    Spells: 4/4 levels left

rFire    . . .     SeeInvis .   a - +0 war axe
rCold    . . .     Gourm    .   (no shield)
rNeg     . . .     Faith    .   o - +0 ring mail (curse)
rPois    .         Spirit   +   (helmet restricted)
rElec    .         Reflect  .   (no cloak)
rCorr    .         Harm     .   (no gloves)
MR       +....                  (no boots)
Stlth    +.........             w - amulet of inaccuracy (curse)
HPRegen  0.13/turn              n - ring of protection from magic
MPRegen  0.09/turn              (no ring)

@: no status effects
A: horns 1, yellow scales 2, magic shield
a: no special abilities


You were on level 4 of the Dungeon.
You were not hungry.

You visited 1 branch of the dungeon, and saw 4 of its levels.

You collected 113 gold pieces.

Inventory:

Hand Weapons
 a - a +0 war axe (weapon)
Missiles
 d - 2 throwing nets (quivered)
 A - 13 poisoned needles
 B - 11 sling bullets
Armour
 b - a +0 leather armour
 c - a +0 helmet
 o - a cursed +0 ring mail (worn)
Jewellery
 l - an uncursed amulet of regeneration
 n - a ring of protection from magic (left hand)
 t - an uncursed amulet of rage
 w - a cursed amulet of inaccuracy (around neck)
Wands
 q - a wand of digging (13)
 y - a wand of polymorph (9)
Scrolls
 h - a scroll of enchant weapon {unknown}
 i - 2 scrolls of remove curse {unknown}
 j - 4 scrolls of enchant armour {unknown}
 k - 2 scrolls of identify {unknown}
 m - 4 scrolls of teleportation {unknown}
 u - a scroll of amnesia {unknown}
Potions
 e - 3 potions of degeneration {unknown}
 g - 4 potions of curing {unknown}
 p - a potion of heal wounds {unknown}
 r - a potion of brilliance {unknown}
 s - a potion of agility {unknown}
 v - a potion of resistance {unknown}
 z - a potion of ambrosia {unknown}
Comestibles
 f - 14 rations
 x - 2 chunks of flesh


   Skills:
 + Level 2.7 Fighting
 + Level 4.7 Axes
 + Level 1.8 Throwing
 + Level 2.1 Armour
 + Level 3.3 Dodging
 + Level 0.2 Stealth


You had 4 spell levels left.
You didn't know any spells.

Dungeon Overview and Level Annotations

Branches:
Dungeon (4/15)
 Temple: D:4-7

Altars:
Cheibriados
Hepliaklqana
Qazlal
Xom
Zin

Annotations:
D:3 xnavy's ghost, amateur TeFE


Innate Abilities, Weirdness & Mutations

You have a pair of small horns on your head.
You are mostly covered in yellow scales. (AC +3)
When hurt, damage is shared between your health and your magic reserves.


Message History

You miss the howler monkey.
The howler monkey is severely wounded.
The howler monkey barely misses you.
You closely miss the howler monkey.
The howler monkey is severely wounded.
The howler monkey barely misses you.
The howler monkey hits you but does no damage.
You miss the howler monkey.
The howler monkey is severely wounded.
The howler monkey misses you.
You hit the howler monkey.
You kill the howler monkey!
Throwing (i - inventory):
d - 3 throwing nets (quivered)
Press: ? - help, Shift-Dir - straight line, f - ogre
Aim: an ogre, wielding a giant spiked club You throw a throwing net.
The throwing net barely misses the ogre.
The ogre hits you with a giant spiked club!!
Ouch! That really hurt!
You die...

#### #...
#...##########
#....#..$....#
##....#.......#
#.............#
#(..O@.....# ###.
##.############....
#.[..# ##......##
#..#..#
##........##
....##..#
#..........# #....#
#..####..........#
....#
#....##..........#
#...
###..............#
#..
####.#......).....#


You could see an ogre.

Vanquished Creatures
  A howler monkey (D:4)
  An orc priest (D:3)
  A worker ant zombie (D:2)
  Robin (D:3)
  3 adders
  An ooze (D:2)
  4 dart slugs
  2 leopard geckos (D:1)
  6 orcs
  9 bats
  3 giant cockroaches
  21 goblins
  10 hobgoblins
  13 jackals
  A quokka (D:3)
  A ball python (D:3)
  10 frilled lizards
  9 kobolds
  5 rats
102 creatures vanquished.

Notes
Turn   | Place    | Note
-------+----------+-------------------------------------------
     0 | D:1      | slep the Demonspawn Gladiator began the quest for the Orb.
     0 | D:1      | Reached XP level 1. HP: 16/16 MP: 1/1
   124 | D:1      | Reached skill level 3 in Axes
   131 | D:1      | Gained mutation: When hurt, damage is shared between your health and your magic reserves. [demonic ancestry]
   131 | D:1      | Reached XP level 2. HP: 13/22 MP: 2/2
   424 | D:1      | Gained mutation: You are partially covered in yellow scales. (AC +2) [demonic ancestry]
   424 | D:1      | Reached XP level 3. HP: 18/27 MP: 3/3
   684 | D:2      | Found a stormy altar of Qazlal.
   781 | D:2      | Found a snail-covered altar of Cheibriados.
   805 | D:2      | Reached skill level 1 in Armour
   943 | D:2      | Found a glowing silver altar of Zin.
  1235 | D:2      | Found a hazy altar of Hepliaklqana.
  1236 | D:2      | Found a shimmering altar of Xom.
  1236 | D:2      | Noticed a hell beast
  1237 | D:2      | Noticed a spectral ugly thing
  1237 | D:2      | Noticed a hell beast
  1284 | D:2      | Gained mutation: You are mostly covered in yellow scales. (AC +3) [demonic ancestry]
  1284 | D:2      | Reached XP level 4. HP: 27/33 MP: 2/4
  1646 | D:3      | Reached skill level 4 in Axes
  1780 | D:3      | Noticed Robin
  1799 | D:3      | Killed Robin
  1799 | D:3      | Gained mutation: You have a pair of small horns on your head. [demonic ancestry]
  1799 | D:3      | Reached XP level 5. HP: 37/39 MP: 3/5
  2201 | D:3      | Noticed xnavy's ghost (amateur TeFE)
  2330 | D:4      | Noticed an ogre
  2335 | D:4      | Mangled by an ogre

Vault maps used:
D:1:      matt_arrival_spirals
D:2:      regret_index_temple_of_mockery, old_standard_altar,
          overflow_temple_1_default, kennysheep_slug_shrine, first_ration
D:3:      kennysheep_the_goblin_king, uniq_robin
D:4:      minmay_misc_feat_square

Skill      XL: |  1  2  3  4  5 |
---------------+----------------+-----
Axes           | 3 4 |  4.7
Dodging        | 3 |  3.3
Armour         | 1 2 |  2.1
Fighting       | |  2.7
Throwing       | |  1.8
Stealth        | |  0.2

Action                   |  1- 3 |  4- 6 || total
-------------------------+-------+-------++-------
Melee: War axe           |   167 |   136 ||   303
       Headbutt          |       |     8 ||     8
Throw: Throwing net      |       |     1 ||     1
 Stab: Sleeping          |     1 |       ||     1
  Eat: Chunk             |     1 |     4 ||     5
Armor: Leather armour    |    50 |       ||    50
       Ring mail         |     7 |   116 ||   123
Dodge: Dodged            |   137 |   164 ||   301

Table legend:
 A = Spawn XP
 B = Non-spawn XP
 C = Spawn XP percentage of total XP
 D = Spawn monster count
 E = Non-spawn monster count
 F = Spawn count percentage of total count
 G = Total turns spent on level
                    A         B        C        D         E        F      G
               +---------+---------+-------+---------+---------+-------+---------
         Total |       0 |     350 |   0.0 |       0 |     102 |   0.0 |  2335
               +---------+---------+-------+---------+---------+-------+---------
           D:1 |       0 |      44 |   0.0 |       0 |      25 |   0.0 |   681
           D:2 |       0 |      82 |   0.0 |       0 |      24 |   0.0 |   797
           D:3 |       0 |     158 |   0.0 |       0 |      47 |   0.0 |   729
           D:4 |       0 |      66 |   0.0 |       0 |       6 |   0.0 |   128
               +---------+---------+-------+---------+---------+-------+---------
